 Dungeon Crawl Stone Soup version 0.25.1-2-g60ff931df9 (webtiles) character file.

Game seed: 16267835635137621777

436 HawFromDerth the Ruffian (level 6, 0/57 HPs)
             Began as a Draconian Transmuter on Sept 21, 2020.
             Slain by a centaur (5 damage)
             ... on level 5 of the Dungeon.
             The game lasted 00:12:22 (6056 turns).

HawFromDerth the Ruffian (Draconian Transmuter)     Turns: 6056, Time: 00:12:22

Health: 0/57       AC:  5    Str: 12    XL:     6   Next: 68%
Magic:  7/11       EV: 11    Int: 13    God:
Gold:   168        SH:  0    Dex: 14    Spells: 4/12 levels left

rFire    x . .     SeeInvis .     - Unarmed
rCold    + + +     Gourm    .   (shield currently unavailable)
rNeg     . . .     Faith    .   (armour unavailable)
rPois    +         Spirit   .   (helmet currently unavailable)
rElec    .         Reflect  .   (cloak currently unavailable)
rCorr    .         Harm     .   (gloves currently unavailable)
MR       +....                  (boots currently unavailable)
Stlth    ++........             (no amulet)
HPRegen  0.19/turn              g - ring of protection from magic
MPRegen  0.12/turn              h - ring of wizardry

@: ice-form, flying
A: large, unfitting armour, agile 1, weak 1, AC +6
a: End Transformation


You were on level 5 of the Dungeon.
You were not hungry.
You were a creature of crystalline ice.
You visited 1 branch of the dungeon, and saw 5 of its levels.

You collected 168 gold pieces.

Inventory:

Hand Weapons
 n - a +0 scythe
 s - a +3 quarterstaff of chaos (melded)
Missiles
 a - 12 arrows
Armour
 i - a +2 hat
 t - a +0 cloak (melded)
Jewellery
 b - an uncursed ring of stealth {unknown}
 g - a ring of protection from magic (left front paw)
 h - a ring of wizardry (right front paw)
 j - an uncursed ring of magical power
 o - an uncursed ring of wizardry
Wands
 f - a wand of acid (9)
 p - a wand of random effects (7)
Scrolls
 q - a scroll of identify
Potions
 e - 3 potions of degeneration
 v - a potion of lignification {unknown}
Comestibles
 c - 5 rations
 d - 5 chunks of flesh


   Skills:
 + Level 1.9 Fighting
 + Level 1.1(1.2) Polearms
 + Level 0.1(0.6) Staves
 + Level 2.6 Dodging
 + Level 1.0 Stealth
 + Level 5.0 Unarmed Combat
 + Level 3.5 Spellcasting
 + Level 3.4 Transmutations
 + Level 0.7 Poison Magic


You had 4 spell levels left.
You knew the following spells:

 Your Spells              Type           Power        Failure   Level  Hunger
a - Beastly Appendage     Tmut           ##....       2%          1    #......
b - Spider Form           Tmut/Pois      #.........   12%         3    ###....
c - Ice Form              Ice/Tmut       #.......     38%         4    #####..

Your spell library contained the following spells:

 Spells                   Type           Power        Failure   Level  Hunger
 Sticks to Snakes         Tmut           ##......     3%          2    ##.....
 Blade Hands              Tmut           ##........   47%         5    ######.


Dungeon Overview and Level Annotations

Branches:
Dungeon (5/15)
 Temple: D:4-7

Altars:

Portals:
Ossuary: D:5

Annotations:
D:4 Elvor's ghost, novice HOFi


Innate Abilities, Weirdness & Mutations

((Your plain brown scales are hard. (AC +6)))
You cannot fit into any form of body armour.
((You are cold-blooded and may be slowed by cold attacks.))
((Your large and strong wings let you fly indefinitely.))
((Your tail ends in a poisonous barb.))
You are agile. (Dex +2)
You are weak. (Str -2)


Message History

Your +0 cloak melds into your body.
The centaur shoots an arrow.
The arrow closely misses you.
The centaur shoots an arrow.
The arrow hits you.
You are too injured to fight recklessly!
You are too injured to fight recklessly!
The centaur shoots an arrow.
The arrow closely misses you.
You see here an arrow.
The centaur shoots an arrow.
The arrow hits you!
* * * LOW HITPOINT WARNING * * *
Things that are here:
an arrow; a club The centaur unwields a +0 shortbow.
The centaur hits you.
* * * LOW HITPOINT WARNING * * *
The centaur hits you.
* * * LOW HITPOINT WARNING * * *
You barely miss the centaur.
The centaur hits you but does no damage.
You punch the centaur! You freeze the centaur.
The centaur is severely wounded.
The centaur hits you.
You die...

#. #....>....#
#.## #....##.#.#
###..###....[#...#
#8##.#.8.....##..#
#....##.........#
#
#(....#.....##..#
##
#((.........###.##
P #(#(##.....##
#..# #♣
##.∩Y###.###
##.##♣P #.##c8#..#
#.##.. .... #.#..#
#.#♣.P #.....
..... ###....(
#######
##.#.........[
..........)
######...#. #####.
#.


You could see a centaur.

Vanquished Creatures
  Sigmund (D:2)
  An orc priest (D:3)
  Crazy Yiuf (D:3)
  2 iguanas (D:4)
  2 worker ants
  A gnoll (D:1)
  4 adders
  An ooze (D:1)
  An adder skeleton (D:2)
  2 dart slugs (D:1)
  5 leopard geckos
  9 orcs
  A ball python (D:1)
  5 bats
  3 giant cockroaches
  7 goblins
  8 hobgoblins
  14 kobolds
  2 quokkas
  5 frilled lizards
  A leopard gecko skeleton (D:4)
  5 rats
81 creatures vanquished.

Notes
Turn   | Place    | Note
-------+----------+-------------------------------------------
     0 | D:1      | HawFromDerth the Draconian Transmuter began the quest for
                  | the Orb.
     0 | D:1      | Reached XP level 1. HP: 16/16 MP: 3/3
    91 | D:1      | Reached XP level 2. HP: 23/23 MP: 3/5
   659 | D:1      | Reached XP level 3. HP: 24/28 MP: 4/6
   707 | D:1      | Learned a level 3 spell: Spider Form
  1941 | D:2      | Reached skill level 4 in Unarmed Combat
  1941 | D:2      | Reached XP level 4. HP: 35/35 MP: 5/7
  2718 | D:2      | Noticed Sigmund
  2738 | D:2      | Killed Sigmund
  2738 | D:2      | Reached XP level 5. HP: 29/40 MP: 5/9
  2824 | D:2      | Gained mutation: You are weak. (Str -2) [potion of
                  | mutation]
  2824 | D:2      | Gained mutation: You are agile. (Dex +2) [potion of
                  | mutation]
  2824 | D:2      | Gained mutation: Your tail ends in a poisonous barb.
                  | [potion of mutation]
  2824 | D:2      | Gained mutation: Your large and strong wings let you fly
                  | indefinitely. [potion of mutation]
  3581 | D:3      | Reached XP level 6. HP: 42/47 MP: 6/10
  3885 | D:3      | Found a runed translucent door.
  3886 | D:3      | Noticed Crazy Yiuf
  4041 | D:3      | Killed Crazy Yiuf
  4183 | D:4      | Reached skill level 1 in Polearms
  4442 | D:4      | Reached skill level 5 in Unarmed Combat
  4689 | D:4      | Found a runed translucent gate.
  4689 | D:4      | Found a runed translucent gate.
  4689 | D:4      | Found a runed translucent gate.
  4693 | D:4      | Noticed Elvor's ghost (novice HOFi)
  5488 | D:5      | Entered Level 5 of the Dungeon
  5551 | D:4      | Learned a level 4 spell: Ice Form
  5579 | D:4      | HP: 1/48 [Elvor's ghost (11)]
  5880 | D:5      | Reached skill level 1 in Stealth
  6045 | D:5      | Found a sand-covered staircase.
  6056 | D:5      | Slain by a centaur

Illustrated notes

Levels and vault maps discovered:
D:1:      dpeg_arrival_brainrot, layout_basic
D:2:      layout_basic, uniq_sigmund
D:3:      layout_rooms, uniq_crazy_yiuf_cottage
D:4:      layout_basic, ebering_ghost_rock_garden
D:5:      kennysheep_kobold_camp, layout_basic,
          lightli_ossuary_entry_decrepit_ruins, first_ration, uniq_blork_the_orc

Skill      XL: |  1  2  3  4  5  6 |
---------------+-------------------+-----
Dodging        | 2 |  2.6
Unarmed Combat | 4 5 |  5.0
Spellcasting   | 3 |  3.5
Transmutations | 3 |  3.4
Polearms       | 1 |  1.1
Stealth        | 1 |  1.0
Fighting       | |  1.9
Staves         | |  0.1
Poison Magic   | |  0.7

Action                   |  1- 3 |  4- 6 || total
-------------------------+-------+-------++-------
Melee: Unarmed           |   129 |    80 ||   209
       Headbutt          |    10 |     6 ||    16
       Tailslap          |     9 |     7 ||    16
       Kick              |     6 |     3 ||     9
       Scythe            |       |    50 ||    50
       Quarterstaff      |       |    23 ||    23
 Cast: Beastly Appendage |    28 |    18 ||    46
       Spider Form       |     1 |     8 ||     9
       Ice Form          |       |     2 ||     2
 Abil: Fly               |       |     1 ||     1
  Use: Scroll            |     4 |     8 ||    12
       Potion            |     1 |     7 ||     8
  Eat: Chunk             |     2 |     9 ||    11
       Ration            |     1 |     2 ||     3
Armor: Skin              |    28 |    39 ||    67
Dodge: Dodged            |    82 |   145 ||   227
